 Dungeon Crawl Stone Soup version 0.32-a0-86-g8db1b9f803 (webtiles) character file.

Game seed: 2521863463547053337

68107 retardedninja the Destroyer (level 15, -8/99 HPs)
             Began as a Gargoyle Fire Elementalist on Feb 2, 2024.
             Was the Champion of Cheibriados.
             Mangled by a red ugly thing (9 damage)
             ... on level 12 of the Dungeon on Feb 5, 2024.
             The game lasted 01:20:30 (34183 turns).

retardedninja the Destroyer (GrFE)                 Turns: 34183, Time: 01:20:31

Health: -8/99      AC: 24    Str: 28    XL:     15   Next: 25%
Magic:  19/30      EV: 18    Int: 37    God:    Cheibriados [******]
Gold:   2882       SH:  0    Dex: 25    Spells: 24/37 levels left

rFire   + . .        d - staff of fire
rCold   . . .        (no shield)
rNeg    + . .        u - +1 steam dragon scales
rPois   ∞            w - +1 hat
rElec   +            p - +2 cloak
rCorr   .            h - +2 pair of gloves
SInv    .            (no boots)
Will    ++...        (no amulet)
Stlth   +++          e - +5 ring of evasion
HPRegen 0.36/turn    C - ring of willpower
MPRegen 0.22/turn

%: no passive effects
@: flying, very slow
A: sickness immunity, AC +11, big wings, negative energy resistance 1,
electricity resistance, torment resistance 1, petrification resistance
a: Renounce Religion, Bend Time, Temporal Distortion, Slouch, Step From Time


You were on level 12 of the Dungeon.
You worshipped Cheibriados.
Cheibriados was exalted by your worship.
You visited 4 branches of the dungeon, and saw 22 of its levels.

You collected 2918 gold pieces.
You spent 36 gold pieces at shops.

Inventory:

Armour
 h - a +2 pair of gloves (worn)
 p - a +2 cloak (worn)
 u - +1 steam dragon scales (worn)
 w - a +1 hat (worn)
Magical Staves
 d - a staff of fire (weapon)
Jewellery
 e - a +5 ring of evasion (left hand)
 r - a ring of ice
 C - a ring of willpower (right hand)
 H - a +6 ring of dexterity
 M - a ring of willpower
 O - a ring of protection from cold
Talismans
 k - a beast talisman
 n - a maw talisman
 x - a dragon-blood talisman
Wands
 a - a wand of digging (7)
 t - a wand of flame (6)
 D - a wand of iceblast (7)
 K - a wand of paralysis (3)
 N - a wand of polymorph (6)
Scrolls
 b - 8 scrolls of vulnerability
 f - a scroll of noise
 m - 3 scrolls of immolation
 s - 2 scrolls of revelation
 v - 2 scrolls of amnesia
 y - 2 scrolls of poison
 A - 2 scrolls of identify
 L - 2 scrolls of enchant weapon
Potions
 g - 2 potions of mutation
 j - 3 potions of might
 l - 2 potions of resistance
 o - 5 potions of brilliance
 q - 4 potions of curing
 z - 4 potions of lignification
 B - a potion of cancellation
 E - a potion of degeneration {unknown}
 F - a potion of enlightenment {unknown}
 P - 2 potions of attraction
Miscellaneous
 G - a condenser vane (inert)
 J - a sack of spiders (inert)


   Skills:
 + Level 13.6 Fighting
 - Level 1.8 Dodging
 - Level 2.8 Stealth
 + Level 11.8 Spellcasting
 + Level 13.8 Conjurations
 + Level 13.0 Fire Magic
 + Level 8.1 Air Magic


You had 24 spell levels left.
You knew the following spells:

 Your Spells              Type           Power      Damage    Failure   Level
a - Foxfire               Conj/Fire      100%       2x1d9     0%          1
b - Scorch                Fire           100%       2d9       0%          2
c - Flame Wave            Conj/Fire      100%       2d21      1%          4
d - Plasma Beam           Fire/Air       50%        2x1d65    3%          6

Your spell library contained the following spells:

 Spells                   Type           Power      Damage    Failure   Level
 Slow                     Hex            84%        N/A       1%          1
 Summon Small Mammal      Summ           84%        N/A       1%          1
 Mercury Vapours          Alch/Air       100%       N/A       1%          2
 Inner Flame              Hex/Fire       81%        N/A       1%          3
 Mephitic Cloud           Conj/Alch/Air  66%        N/A       1%          3
 Volatile Blastmotes      Fire/Tloc      100%       2d18      1%          3
 Summon Blazeheart Golem  Fire/Summ      81%        N/A       1%          4
 Freezing Cloud           Conj/Ice/Air   33%        6-21      2%          5
 Irradiate                Conj/Alch      32%        3d22      3%          5
 Call Canine Familiar     Summ           21%        N/A       5%          3
 Confusing Touch          Hex            21%        N/A       5%          3
 Gell's Gravitas          Tloc           21%        N/A       5%          3
 Sigil of Binding         Hex            21%        N/A       5%          3
 Teleport Other           Tloc           21%        N/A       5%          3
 Vampiric Draining        Necr           21%        2d7       5%          3
 Orb of Destruction       Conj           45%        9d12      5%          7
 Animate Armour           Summ/Erth      42%        N/A       19%         4
 Petrify                  Alch/Erth      21%        N/A       19%         4
 Spellforged Servitor     Conj/Summ      32%        N/A       65%         7
 Dispersal                Tloc           10%        N/A       95%         6
 Sublimation of Blood     Necr           Unusable   N/A       N/A         2

Dungeon Overview and Level Annotations

Branches:
Dungeon (15/15)            Temple (1/1) D:5            Lair (5/5) D:8
  Swamp (0/4) Lair:2       Spider (0/4) Lair:2        Slime (0/5) Lair:4
    Orc (1/2) D:10         Depths (0/4) D:15
 Vaults: D:13-14

Altars:
Ashenzari
Cheibriados
Dithmenos
Elyvilon
Fedhas
Gozag
Hepliaklqana
Kikubaaqudgha
Makhleb
Nemelex Xobeh
Okawaru
Qazlal
Ru
Sif Muna
Trog
Uskayaw
Vehumet
Wu Jian
Xom
Yredelemnul
Zin
The Shining One
Jiyva

Shops:
D:1 ?   D:2 *   D:6 ?   D:7 =   D:10 ?

Annotations:
Lair:4 3 runed translucent doors, Hohuss's ghost, journeyman MiCA


Innate Abilities, Weirdness & Mutations

You are immune to sickness and miasma.
Your stone body is resilient. (AC +11)
You are immune to poison.
Your large and strong wings let you fly.
You resist negative energy. (rN+)
You are resistant to electric shocks. (rElec)
You are resistant to unholy torment.
You are immune to petrification.


Message History

(Press . to intensify the flame waves.)
The slime creature quivers.
You hear a shout!
The shadow barely misses you.
The red ugly thing tail-slaps you but does no damage.
The shadow hits you.
A wave of flame ripples out!
The flame wave engulfs the shadow!!
You destroy the shadow!
Cheibriados appreciates the change of pace.
The flame wave engulfs the red ugly thing.
The red ugly thing resists.
The red ugly thing is almost dead.
The flame wave engulfs the shadow.
The shadow is moderately damaged.
You hear a shout! x2
The red ugly thing tail-slaps you but does no damage.
The shadow hits you.
A wave of flame ripples out!
The flame wave engulfs the red ugly thing!
The red ugly thing resists.
The red ugly thing is almost dead.
The flame wave engulfs the shadow!
The shadow is almost destroyed.
You finish channelling waves of flame.
The red ugly thing tail-slaps you.
You are engulfed in flames!
You resist.
The shadow slips into darkness.
The shadow flickers and vanishes!
Deactivating autopickup; reactivate with Ctrl-A.
The red ugly thing tail-slaps you!
* * * LOW HITPOINT WARNING * * *
You are engulfed in flames!
You resist.
* * * LOW HITPOINT WARNING * * *
The shadow strikes at you from the darkness!
* * * LOW HITPOINT WARNING * * *
Reactivating autopickup.
You fail to use your ability.
The red ugly thing tail-slaps you.
* * * LOW HITPOINT WARNING * * *
You are engulfed in flames!
You resist.
You die...
Cheibriados appreciates the motionlessness of death.

#. .# #. .#
#. .# . ####.
.# ..#.... .#
..'.#..#.#
#......#
#....@.#
#...u.W'.#
#.#JJ..#.'...
#......# #...
#......# ..
.'.#....# #
..#.#....#
..# #....#


You could see a red ugly thing, 2 slime creatures and a shadow.

Vanquished Creatures
  Kirke (Lair:3)
  The ghost of Foishes the Slicer, a journeyman OpEn of Vehumet (Lair:3)
  Fannar (Lair:3)
  A ghost crab (Lair:2)
  5 hydras
  A centaur warrior (D:13)
  5 catoblepae
  3 two-headed ogres
  11 death yaks
  Sonja (D:11)
  A skyshark (Lair:4)
  A fire crab (Lair:5)
  A pharaoh ant (Lair:2)
  A spectral hydra (Lair:2)
  2 oklob plants (Lair:4)
  A deep elf pyromancer (D:14)
  5 ugly things
  A cyclops (D:12)
  2 manticores (Lair:5)
  Maurice (D:11)
  12 elephants
  4 black mambas
  14 cane toads
  2 torpor snails
  Maggie (D:7)
  An unseen horror (D:10)
  A kobold demonologist (D:12)
  8 rime drakes
  An efreet (D:13)
  3 unseen horror zombies (D:10)
  9 komodo dragons
  3 polar bears (Lair:2)
  3 trolls
  2 hornets (Lair:5)
  A spectral dream sheep (Lair:2)
  16 blink frogs
  4 dream sheep (Lair:5)
  A spectral black mamba (Lair:2)
  2 jumping spiders (Lair:2)
  3 shadows
  A spriggan (Lair:2)
  3 wraiths
  2 hogs (Lair:3)
  13 wyverns
  42 yaks
  3 vampire mosquitoes (D:7)
  A spectral komodo dragon (Lair:2)
  2 steam dragons
  8 basilisks
  Edmund (D:6)
  An acid dragon (D:9)
  13 water moccasins
  An ice beast (D:7)
  3 sky beasts
  2 black bears
  3 orc warriors
  15 wolves
  2 ogres
  7 centaurs
  6 kobold brigands
  2 phantoms
  A gnoll sergeant (D:5)
  8 bullfrogs
  3 scorpions
  6 wights
  A troll zombie (D:10)
  5 killer bees (D:8)
  2 electric eels (D:8)
  6 centaur zombies (D:10)
  18 orc priests
  A jelly (D:5)
  A gnoll bouda (D:5)
  4 hounds
  A human zombie (D:10)
  A centaur skeleton (D:10)
  4 iguanas
  10 orc wizards
  8 hell rats
  4 ogre zombies (D:10)
  7 adders
  27 gnolls
  2 shadow imps
  2 white imps
  2 ufetubi (D:6)
  3 dart slugs
  50 orcs
  7 ball pythons
  8 bats
  4 endoplasms
  4 giant cockroaches
  6 hobgoblins
  25 jackals
  5 quokkas
  3 frilled lizards
  A gnoll skeleton (D:10)
  2 gnoll zombies (D:10)
  6 goblins
  18 kobolds
  2 orc skeletons (D:10)
  14 orc zombies (D:10)
  7 rats
  A foxfire (Lair:5)
558 creatures vanquished.

Vanquished Creatures (collateral kills)
  An ugly thing (D:14)
  14 foxfires
15 creatures vanquished.

Vanquished Creatures (others)
  2 humans (Lair:3)
  1252 foxfires
1254 creatures vanquished.

Grand Total: 1827 creatures vanquished

Notes
Turn   | Place    | Note
-------+----------+-------------------------------------------
     0 | D:1      | retardedninja the Gargoyle Fire Elementalist began the
                  | quest for the Orb.
     0 | D:1      | Reached XP level 1. HP: 10/10 MP: 3/3
   227 | D:1      | Reached XP level 2. HP: 15/15 MP: 3/5
   231 | D:1      | Learned a level 2 spell: Scorch
   522 | D:1      | Found Ukhesy's Magic Scroll Emporium.
  1053 | D:1      | Reached XP level 3. HP: 19/19 MP: 4/6
  1387 | D:1      | Found a faded altar of an unknown god.
  1663 | D:2      | Found Paroogh's General Store.
  1672 | D:2      | Bought a throwing net for 36 gold pieces
  1946 | D:2      | Reached XP level 4. HP: 22/24 MP: 1/7
  2108 | D:2      | Reached skill level 1 in Fighting
  3371 | D:2      | Reached XP level 5. HP: 30/30 MP: 2/9
  4403 | D:3      | Reached XP level 6. HP: 36/36 MP: 8/10
  4837 | D:4      | Identified the +8 long sword of Caciec {freeze, rCorr
                  | Dex+4}
  5098 | D:4      | Reached XP level 7. HP: 32/41 MP: 0/12
  5518 | D:4      | Found an ornate altar of the Wu Jian Council.
  5655 | D:5      | Entered Level 5 of the Dungeon
  6099 | D:5      | Found a staircase to the Ecumenical Temple.
  6108 | Temple   | Entered the Ecumenical Temple
  6181 | Temple   | Became a worshipper of Cheibriados the Contemplative
  6648 | D:5      | Reached skill level 5 in Fire Magic
  6695 | D:5      | Reached XP level 8. HP: 48/48 MP: 9/14
  6812 | D:5      | Reached * piety under Cheibriados
  6977 | D:5      | Reached skill level 5 in Conjurations
  7235 | D:5      | Reached ** piety under Cheibriados
  7252 | D:5      | Learned a level 4 spell: Flame Wave
  7847 | D:5      | Reached skill level 5 in Fighting
  8247 | D:6      | Reached skill level 5 in Spellcasting
  8359 | D:6      | Identified the +3 short sword "Gineitwu" {protect, rF+ rC+
                  | MP+9 Str+5}
  8376 | D:6      | Found a shimmering blue altar of Sif Muna.
  8386 | D:6      | Reached *** piety under Cheibriados
  8639 | D:6      | Reached XP level 9. HP: 54/54 MP: 14/16
  8739 | D:6      | Noticed Edmund
  8753 | D:6      | Killed Edmund
  9356 | D:6      | Found a radiant altar of Vehumet.
  9676 | D:6      | Found Dodiv's Magic Scroll Shop.
  9748 | D:7      | Found Boubaed's Jewellery Emporium.
  9768 | D:7      | Noticed Maggie
  9777 | D:7      | Killed Maggie
 10542 | D:7      | Reached **** piety under Cheibriados
 10821 | D:7      | Found a hazy altar of Hepliaklqana.
 11316 | D:8      | Reached XP level 10. HP: 47/63 MP: 11/19
 11609 | D:8      | Found a staircase to the Lair.
 11620 | D:8      | Got the Elucidation of Heat and the Quarry
 11679 | D:8      | Found a basalt altar of Yredelemnul.
 11893 | D:8      | Found a stormy altar of Qazlal.
 12656 | D:9      | Noticed a two-headed ogre
 12952 | D:9      | Killed a two-headed ogre
 13372 | D:9      | Reached ***** piety under Cheibriados
 13382 | D:9      | Identified the +3 falchion of the Arena {drain, rPois rCorr
                  | Str-2 Dex+6}
 14123 | D:9      | Found a broken altar of Ashenzari.
 14231 | D:9      | Found a glowing silver altar of Zin.
 14231 | D:9      | Found a glowing golden altar of the Shining One.
 14294 | D:10     | Entered Level 10 of the Dungeon
 14339 | D:10     | Killed an unseen horror
 14340 | D:10     | Reached XP level 11. HP: 64/69 MP: 15/22
 14442 | D:10     | Identified the +4 flail "Bingio" {heavy, *Noise ^Drain
                  | rN+++ Dex+4}
 14592 | D:10     | Found Gyhum's Magic Scroll Shoppe.
 14681 | D:10     | Found a sacrificial altar of Ru.
 14689 | D:10     | Noticed a brown ugly thing
 14701 | D:10     | Killed a brown ugly thing
 14702 | D:10     | Reached skill level 1 in Air Magic
 14948 | D:10     | Found a staircase to the Orcish Mines.
 15449 | D:10     | Found an iron altar of Okawaru.
 16120 | D:10     | Found an ancient bone altar of Kikubaaqudgha.
 17029 | D:10     | Found an opulent altar of Gozag.
 17099 | D:10     | Was placed under penance by Cheibriados
 17159 | Lair:1   | Entered Level 1 of the Lair of Beasts
 17175 | Lair:1   | Reached skill level 10 in Conjurations
 17176 | Lair:1   | Was forgiven by Cheibriados
 17640 | Lair:1   | Found a broken altar of Ashenzari.
 17784 | Lair:1   | Reached skill level 10 in Fighting
 17784 | Lair:1   | Reached XP level 12. HP: 55/77 MP: 11/24
 18743 | Lair:2   | Reached skill level 10 in Fire Magic
 20226 | Lair:2   | Found a hole to the Spider Nest.
 20478 | Lair:2   | Reached ****** piety under Cheibriados
 21123 | Lair:2   | Noticed a ghost crab
 21130 | Lair:2   | Killed a ghost crab
 21141 | Lair:2   | Reached skill level 5 in Air Magic
 21240 | Lair:2   | Found a staircase to the Swamp.
 21561 | Lair:3   | Noticed a seven-headed hydra
 21567 | Lair:3   | Killed a seven-headed hydra
 21568 | Lair:3   | Reached XP level 13. HP: 77/84 MP: 19/26
 21804 | Lair:3   | Learned a level 6 spell: Plasma Beam
 21857 | Lair:3   | Noticed Kirke
 21866 | Lair:3   | Killed Kirke
 22300 | Lair:3   | Reached skill level 10 in Spellcasting
 22523 | Lair:3   | Noticed Fannar
 22525 | Lair:3   | Killed Fannar
 22769 | Lair:3   | Found a runed translucent door.
 23253 | Lair:3   | Noticed Foishes's ghost (journeyman OpEn)
 23377 | Lair:3   | Killed Foishes's ghost
 23635 | Lair:4   | Found a viscous altar of Jiyva.
 23701 | Lair:4   | Found a staircase to the Slime Pits.
 24284 | Lair:4   | Found a runed translucent gate.
 24285 | Lair:4   | Found a runed translucent gate.
 24285 | Lair:4   | Found a runed translucent gate.
 24736 | Lair:4   | Noticed a minotaur
 24737 | Lair:4   | Noticed Hohuss's ghost (journeyman MiCA)
 25280 | Lair:4   | Gained mutation: Your large and strong wings let you fly.
                  | [Gargoyle growth]
 25280 | Lair:4   | Reached XP level 14. HP: 92/92 MP: 20/28
 25361 | Lair:4   | Identified the +3 swamp dragon scales "Plog" {Harm rPois
                  | rF++ rCorr Int-4}
 26779 | Lair:4   | Identified the +0 chain mail of the Merwolf {rC++ rN+++
                  | Stlth-}
 26816 | Lair:5   | Entered Level 5 of the Lair of Beasts
 28721 | Lair:5   | Learned a level 4 spell: Summon Blazeheart Golem
 30486 | Lair:5   | Upgraded the game from 0.32-a0-42-ga30500b4d3 to
                  | 0.32-a0-86-g8db1b9f803
 31131 | Orc:1    | Entered Level 1 of the Orcish Mines
 31947 | D:11     | Noticed Maurice
 31948 | D:11     | Noticed Sonja
 31949 | D:11     | Killed Sonja
 31950 | D:11     | Reached XP level 15. HP: 99/99 MP: 23/30
 31955 | D:11     | Killed Maurice
 33684 | D:12     | You are sucked into a shaft and drop 3 floors!
 33684 | D:15     | Entered Level 15 of the Dungeon
 34182 | D:12     | HP: 4/99 [something (14)]
 34183 | D:12     | HP: 1/99 [red ugly thing (3)]
 34183 | D:12     | Mangled by a red ugly thing

Illustrated notes

Levels and vault maps discovered:
D:1:      mushboom_english_gardens, layout_basic, serial_shops, shop,
          dilly_ecumenical_altar_fadedgnrine
D:2:      layout_basic, serial_shops, shop
D:3:      layout_rooms, feat_on_display
D:4:      layout_cave_pools, nicolae_wu_jian_immortal_techniques,
          nicolae_twisty_statue_hallways
D:5:      lemuel_castle_with_subvaults [lemuel_castle_interior_carwin_1],
          layout_basic, temple_green, portal_sewer_entry_f, nicolae_tricolors
D:6:      layout_basic, lemuel_crystal_altar, nicolae_vehumet_altar_sigil,
          serial_shops, shop, uniq_edmund
D:7:      layout_loops_ring, nzn_hepliaklqana_mist_gate, serial_shops,
          nicolae_shop_peninsula, serial_bayou_pond_e, uniq_maggie
D:8:      layout_loops_corners, yredelemnul_altar_generic,
          grunt_qazlal_sundering, lair_entry_dummy, water_boxes_lemuel
D:9:      layout_roguey, old_standard_altar, minitemple, minivault_24,
          nicolae_straight_to_the_point
D:10:     layout_irregular_city, mainiacjoe_overflow_surrounded_room,
          mainiacjoe_overflow_concentric_impassable,
          lemuel_mausoleum_altar_kikubaaqudgha, mainiacjoe_overflow_alcove_2,
          zombieorc1_lemuel, serial_shops, nicolae_shop_statue_plus
D:11:     layout_basic, uniq_sonja, uniq_maurice
D:12:     layout_stronghold, nicolae_two_hexagons, minmay_orc_keep
D:13:     layout_cross, ebering_ghost_reflecting_pool, eino_house_with_fridge
D:14:     layout_grid_maze, hellmonk_vaults_keyhole, chequers_hall_statues_y,
          minivault_16, st_stairs_13, hangedman_abyss_or_decor_lesser_grid
D:15:     grunt_enter_depths_hoard, layout_loops_ring, corexii_leaking_fountain,
          grunt_gozag_breadcrumbs
Temple:   kb_temple_of_zot
Lair:1:   layout_hall_layers, basic_altar
Lair:2:   layout_regular_city, nicolae_swamp_entry_spooky,
          nicolae_spider_entry_lesser_pyramids, forest_entry_grove
Lair:3:   layout_roguey, ebering_ghost_reflecting_pool, lemuel_fruit_tree,
          uniq_kirke, uniq_fannar
Lair:4:   regret_index_malice_mire, layout_cave_pods,
          minmay_slime_entry_oklob_enclosed, maelrawn_ghost_gauntlet_escape
Lair:5:   hangedman_lair_in_review, layout_loops_ring, st_stairs_12
Orc:1:    layout_diamond_mine, serial_shops, shop, uniq_erolcha

Skill      XL: |  1  2  3  4  5  6  7  8  9 10 11 12 13 14 15 |
---------------+----------------------------------------------+-----
Conjurations   | 2 3 4 6 7 9 10 11 12 13 | 13.8
Fighting       | 1 2 3 4 5 7 8 10 11 12 13 | 13.6
Spellcasting   | 3 4 5 6 7 8 9 10 11 | 11.8
Fire Magic     | 4 5 6 7 8 9 10 11 12 13 | 13.0
Air Magic      | 3 5 6 7 8 |  8.1
Dodging        | |  1.8
Stealth        | |  2.8

Action                     |  1- 3 |  4- 6 |  7- 9 | 10-12 | 13-15 || total
---------------------------+-------+-------+-------+-------+-------++-------
  Melee: Staff             |     5 |     6 |    17 |    39 |    88 ||   155
         Punch             |       |       |       |     1 |     6 ||     7
  Throw: Throwing net      |       |       |       |       |     3 ||     3
   Cast: Foxfire           |    78 |    88 |   226 |   200 |   156 ||   748
         Scorch            |     4 |    25 |    78 |   196 |   164 ||   467
         Flame Wave        |       |       |     4 |    26 |    27 ||    57
         Plasma Beam       |       |       |       |       |    91 ||    91
         Summon Blazeheart |       |       |       |       |     4 ||     4
  Evoke: Wand              |       |       |       |     8 |    31 ||    39
         Sack of spiders   |       |       |       |       |     1 ||     1
         Condenser vane    |       |       |       |       |     1 ||     1
    Use: Potion            |     1 |     1 |     1 |     6 |    14 ||    23
         Scroll            |       |     8 |     8 |     9 |    20 ||    45
 Armour: Robe              |    15 |    34 |    49 |       |       ||    98
         Steam dragon scal |       |       |    12 |   310 |   372 ||   694
  Dodge: Dodged            |    38 |    50 |   120 |   367 |   466 ||  1041

Table legend: (Time is in decaauts)
 A = Elapsed time spent in this place.
 B = Non-inter-level travel time spent in this place.
 C = Inter-level travel time spent in this place.
 D = Time resting spent in this place.
 E = Time spent auto-exploring this place.
 F = Levels seen in this place.
 G = Mean time per level.
                   A        B        C        D        E       F      G
               +--------+--------+--------+--------+--------+-----+--------+
         Total |  42826 |  41186 |   1640 |  11704 |  23463 |  22 | 1946.6 |
       Dungeon |  24730 |  23759 |    971 |   6107 |  13968 |  15 | 1648.7 |
        Temple |    134 |    134 |      0 |      0 |     25 |   1 |  134.0 |
          Lair |  17948 |  17279 |    669 |   5597 |   9469 |   5 | 3589.6 |
  Orcish Mines |     13 |     13 |      0 |      0 |      0 |   1 |   13.0 |
               +--------+--------+--------+--------+--------+-----+--------+

Top non-repeatable levels by time:
  Lair:4: 5918 daAuts
    D:10: 4578 daAuts
  Lair:5: 3254 daAuts
  Lair:2: 3064 daAuts
  Lair:3: 2914 daAuts
     D:8: 2897 daAuts
  Lair:1: 2796 daAuts
     D:5: 2701 daAuts
     D:2: 2418 daAuts
     D:9: 2017 daAuts
     D:6: 1996 daAuts
    D:11: 1994 daAuts
     D:7: 1854 daAuts
     D:1: 1449 daAuts
     D:4: 968 daAuts
